Cogmind - Beta 16 @@@ ROGUE MODE // 2026.01.04 @ 23:07:19 Player: McSaucyNugget Result: Destroyed by Y-72 Warden with Railgun Performance ------------- Evolutions (8) 4000 Regions Visited (24) 4800 Robots Destroyed (547) 2735 Value Destroyed (27801) 27801 Prototype IDs (122) 2440 Alien Tech Used (5) 1000 Bonus (19270) 19270 TOTAL SCORE: 62046 Bonus ------- Triggered High Security 500 High Alert Combat Kills 9514 Follower Combat Kills 4154 Network Hubs Disabled 200 Registered with UFD 300 Met Optimus in HQ 500 Met Data Miner 300 Met Warlord at Base 500 MAIN.C Attacked Warlord 500 Warlord Defense Kills 134 Built Enhanced Grunts 300 A7 Reached Mainframe 300 Met R17 at Cetus 500 Met R17 at Research 2000 Scanned by Researcher 500 Friendly Fire -932 Cogmind --------- Core Integrity 0/1450 Matter 300/300 Energy 100/100 System Corruption 16% Temperature Cool (18) Movement Walking (105) Location -2/Research Parts ------- > --- POWER (2) -------- (None) > --- PROPULSION (6) --- Centrium Leg > --- UTILITY (10) ----- Concept Antigrav Storage Unit > --- WEAPON (5) ------- (None) > --- INVENTORY (25) --- Light Particle Reactor Biometal Leg Advanced Heat Sink Concept Chromion Battery (539) Concept NT7 Matterbank (750) Long-range IFF Parser Concept Cloak Mesh Concept Cloak Mesh Graphene Brace Concept Antimissile System Drone Bay (2/2) Subatomic Replicator Peak State ------------ > --- POWER ------------ Concept Zero-point Core Concept Zero-point Core > --- PROPULSION ------- Medium Treads Centrium Heavy Treads Experimental Heavy Siege Treads Myomer Leg > --- UTILITY ---------- Concept Phasing Heat Sink Concept Antigrav Storage Unit Experimental Targeting Computer Concept Countertargeting System Advanced Weapon Cycler Concept Cloak Mesh Concept Cloak Mesh Centrium Medium Armor Plating Centrium Medium Armor Plating Centrium Medium Armor Plating > --- WEAPON ----------- Concept Lightning Penetrator Heavy Quantum Rifle Concept XC Strikerail Concept XC Strikerail Concept Deflector Sword > --- INVENTORY -------- Improved Quantum Reactor Hybrid Graviton Reactor Medium Treads Centrium Leg Experimental Armored Exoskeleton Advanced Heat Sink Concept Chromion Battery Concept NT7 Matterbank Graphene Brace Thermal Barrier Experimental EM Shield Concept Antimissile System Concept Matter Streamer Drone Bay Concept Impact Drone Bay Concept Impact Drone Bay Transdimensional Reconstructor Subatomic Replicator Concept Plasma Driver Concept Plasma Driver Concept Plasma Driver Railgun [Rating: 270] Favorites ----------- Power Concept Zero-point Core Engine Heavy Ion Engine Power Core Concept Zero-point Core Reactor Vortex Chain Reactor Propulsion Light Treads Treads Light Treads Leg Myomer Leg Wheel Overtuned Huge Scrapsphere Utility Scrap Suit Device Scrap Suit Storage High-capacity Storage Unit Processor Experimental Targeting Computer Hackware Advanced Hacking Suite Protection Centrium Medium Armor Plating Weapon Advanced KE Penetrator Energy Gun Heavy Quantum Rifle Energy Cannon Advanced Beam Cannon Ballistic Gun Advanced KE Penetrator Launcher Precision Rocket Launcher Special Weapon Improved Remote Datajack Impact Weapon Core Stripper Slashing Weapon Concept Deflector Sword Build | -11 -10 -9 -9 -9 -9 -6 -6 -6 -6 -5 -5 -5 -5 -5 -5 -4 -4 -4 -4 -3 -3 -3 -3 -2 ------- Run | Yrd Mat Mat Sto Rec Scr Fac Low Low Dat Pro Fac Ext Cet Arc Hub Fac Upp Upp War Pro Res Qua Frg Res Slots Evolved 16 | . . 2 . . . 6 . . . . 2 . . . . 2 . . . . 2 . . 2 Power 1 | . . . . . . . . . . . . . . . . 1 . . . . . . . . Propulsion 4 | . . 1 . . . 1 . . . . . . . . . . . . . . . . . 2 Utility 8 | . . . . . . 4 . . . . 2 . . . . 1 . . . . 1 . . . Weapon 3 | . . 1 . . . 1 . . . . . . . . . . . . . . 1 . . . Parts Attached 259 | 6 11 16 15 3 7 17 2 . . . 11 14 13 5 1 13 4 2 7 2 11 18 45 36 Power 20 | 1 1 2 1 . 1 1 1 . . . . 2 1 . . 1 1 . 1 . . . 4 2 Engine 4 | 1 . 2 1 . . . . . . . . . . . . . . . . . . . . . Core 7 | . 1 . . . 1 1 1 . . . . 1 . . . . . . . . . . 2 . Reactor 9 | . . . . . . . . . . . . 1 1 . . 1 1 . 1 . . . 2 2 Propulsion 46 | 2 . 6 5 1 2 3 . . . . 4 2 2 . . 1 . 1 1 . 1 3 1 11 Treads 33 | 2 . 4 5 1 2 3 . . . . 2 2 2 . . . . 1 . . 1 3 1 4 Leg 7 | . . . . . . . . . . . . . . . . . . . . . . . . 7 Wheel 6 | . . 2 . . . . . . . . 2 . . . . 1 . . 1 . . . . . Hover . | . . . . . . . . . . . . . . . . . . . . . . . . . Flight . | . . . . . . . . . . . . . . . . . . . . . . . . . Utility 111 | 1 2 4 1 1 3 8 1 . . . 6 5 6 4 . 8 2 1 2 2 9 12 19 14 Device 62 | . 1 2 . . . 5 . . . . 4 1 2 3 . 4 1 1 1 1 5 7 11 13 Storage 10 | 1 1 1 . 1 1 1 . . . . . . . . . . . . . . 1 1 2 . Processor 7 | . . . . . . 1 . . . . . . . . . 2 . . . . 1 1 2 . Hackware 5 | . . . . . . 1 . . . . 1 . . 1 . 1 . . . . 1 . . . Protection 27 | . . 1 1 . 2 . 1 . . . 1 4 4 . . 1 1 . 1 1 1 3 4 1 Artifact . | . . . . . . . . . . . . . . . . . . . . . . . . . Weapon 82 | 2 8 4 8 1 1 5 . . . . 1 5 4 1 1 3 1 . 3 . 1 3 21 9 Energy Gun 14 | 1 4 . . . . 1 . . . . . . . . . . . . 1 . . . 6 1 Energy Cannon 15 | . 2 1 2 . . . . . . . . . . . . . . . . . 1 . 6 3 Ballistic Gun 40 | 1 . 1 3 1 1 4 . . . . 1 3 4 1 . 3 1 . 2 . . 2 7 5 Ballistic Cannon . | . . . . . . . . . . . . . . . . . . . . . . . . . Launcher 5 | . 2 1 1 . . . . . . . . . . . . . . . . . . . 1 . Special Weapon 5 | . . 1 1 . . . . . . . . 2 . . 1 . . . . . . . . . Impact Weapon 1 | . . . . . . . . . . . . . . . . . . . . . . 1 . . Slashing Weapon 2 | . . . 1 . . . . . . . . . . . . . . . . . . . 1 . Piercing Weapon . | . . . . . . . . . . . . . . . . . . . . . . . . . Special Melee Weapon . | . . . . . . . . . . . . . . . . . . . . . . . . . Unidentified Prototypes 34 | . 1 . 3 . . . . . . . . . 3 . . 2 . . 4 . 1 8 9 3 Corrupted Parts 4 | . . . . . . . . . . . . . . . . . . . 2 . . . 2 . System Corruption 22 | . . . . . . . . . . . . . . . . . . . 9 . . . 13 . Parts Lost 84 | . . . 1 . . 1 . . . . 7 2 2 1 1 8 2 1 . . . 3 7 48 Power 6 | . . . . . . . . . . . . . . . . . 1 . . . . . . 5 Propulsion 14 | . . . . . . . . . . . 4 . 1 . . . . 1 . . . . . 8 Utility 37 | . . . 1 . . 1 . . . . 2 2 1 1 1 6 . . . . . 1 2 19 Weapon 27 | . . . . . . . . . . . 1 . . . . 2 1 . . . . 2 5 16 Highest Loss Streak 22 | . . . 1 . . 1 . . . . 3 1 2 1 1 5 2 1 . . . 1 3 22 To Critical Strikes 1 | . . . . . . . . . . . . . . . . . . . . . . 1 . . Average Backups 17 | 1 7 10 14 15 16 18 17 18 18 18 17 16 16 17 17 17 14 15 17 17 19 19 21 20 Power 1 | . 1 1 1 1 1 1 1 1 1 1 1 . 1 1 2 1 1 1 1 2 1 1 2 1 Propulsion 2 | . 2 2 6 6 4 3 4 4 4 4 3 2 1 2 2 2 2 1 . . 1 1 1 2 Utility 6 | . . 1 1 1 4 4 5 6 6 6 4 4 5 6 6 6 4 5 8 9 11 8 9 11 Weapon 5 | . 4 5 5 5 5 7 6 6 6 6 7 7 6 6 6 6 5 6 5 5 4 6 5 3 Tool/Special . | . . . . . . . . . . . . . . . . . . . . . . . . . Unused Backups 76 | . 3 4 2 . 5 6 3 . . . 3 4 3 1 . 3 . . 3 . 10 4 14 8 Power 12 | . . . 1 . . . . . . . . 2 1 . . . . . . . 1 1 4 2 Propulsion 18 | . 1 1 . . 2 1 1 . . . 2 1 1 . . 1 . . . . 1 . 2 4 Utility 27 | . . 1 . . 3 . 2 . . . 1 1 1 1 . . . . . . 8 2 6 1 Weapon 16 | . 2 2 1 . . 5 . . . . . . . . . 2 . . 2 . . . 2 . Tool/Special 3 | . . . . . . . . . . . . . . . . . . . 1 . . 1 . 1 Average Slot Usage (%) 87 | . 97 99 99 100 99 92 93 93 93 93 92 87 86 83 87 85 74 84 80 78 77 75 80 79 Engine 2 | . 7 7 11 11 6 . . . . . . . . . . . . . . . . . . . Core 3 | . 6 3 . . 4 6 6 6 6 6 5 3 . . . . . . . . . . 5 5 Reactor 2 | . . . . . . . . . . . . 1 5 5 5 9 10 10 8 5 4 4 1 2 Treads 16 | . 28 24 32 33 33 26 26 26 26 26 20 11 10 11 11 7 5 5 1 4 4 4 7 5 Wheel 1 | . . 8 . . . . . . . . . 5 3 . . 2 5 5 8 5 4 4 1 . Device 14 | . 12 6 . . . 13 13 13 13 13 18 14 19 20 22 19 16 21 21 19 19 17 20 27 Storage 6 | . 14 11 11 11 11 6 6 6 6 6 5 5 5 5 5 5 5 5 5 5 4 4 4 4 Processor 3 | . . . . . . 4 6 6 6 6 5 2 . . . 5 5 5 5 5 4 6 4 3 Hackware 1 | . . . . . . . . . . . 3 5 5 5 5 3 . . . . 3 2 . . Protection 7 | . . 4 11 11 11 6 6 6 6 6 4 9 8 9 11 8 5 10 10 11 5 4 8 4 Energy Gun 1 | . 22 14 1 . . 3 . . . . . . . . . . . . . . . . 1 3 Energy Cannon 4 | . 3 12 8 11 11 . . 1 . . 1 . . . . 1 2 . . . 2 1 6 3 Ballistic Gun 18 | . 1 4 22 22 21 21 25 24 26 24 21 22 22 23 22 18 17 20 19 20 20 21 12 8 Peak Build Rating 270 | 6 15 21 22 19 32 67 61 61 58 61 79 90 130 128 132 145 136 137 140 143 156 186 259 270 Average Rating 106 | 4 11 18 19 19 24 61 57 58 58 58 67 83 104 122 125 133 121 134 134 142 150 162 209 228 On Entrance 87 | . 6 15 18 19 19 32 56 61 58 58 58 77 90 126 123 132 100 134 135 138 142 152 184 255 Avg Prop Armor Cover (%) 6 | . . 7 . . . . 4 . . . 9 7 7 . . 5 5 6 7 6 6 6 5 2 Naked Turns . | . . . . . . . . . . . . . . . . . . . . . . . . . Heaviest Build 213 | 12 24 44 45 65 68 90 86 86 81 86 87 105 107 101 107 133 126 127 133 137 196 207 213 125 Greatest Support 208 | 40 40 63 63 60 68 88 88 88 88 88 88 20 160 160 160 160 80 80 40 80 20 20 180 208 Greatest Overweight (x) 10 | . . 2 . 1 . 1 1 . . . 4 5 5 . . 6 6 6 6 6 9 10 10 . Average Overweight (x) 2 | . . . . . . . . . . . . 4 2 . . 1 4 5 3 5 8 9 3 . Largest Inventory Capacity 25 | 8 10 15 15 20 20 20 20 20 20 20 20 20 20 20 20 20 20 20 20 20 25 25 25 25 Average Capacity 20 | 7 8 10 15 15 17 20 20 20 20 20 20 20 20 20 20 20 20 20 20 20 23 25 25 25 Most Carried 25 | 4 10 15 15 16 20 20 20 20 20 20 20 20 20 20 20 20 19 20 20 20 25 25 25 25 Average Carried 19 | 1 7 10 14 15 16 19 19 20 20 20 19 19 19 19 19 19 16 18 19 19 22 24 24 22 Final Capacity 25 | 8 10 15 15 15 20 20 20 20 20 20 20 20 20 20 20 20 20 20 20 20 25 25 25 25 Final Carried 25 | 4 10 15 15 15 20 19 20 20 20 20 20 20 20 20 20 20 15 18 20 20 23 25 24 12 Scrap Suit Usage (%) 14 | . . . . . . 99 16 . . . 4 24 57 . . 6 100 100 5 . 2 31 6 . Parts Cannibalized 34 | . . . . . . . . . . . 7 10 . . . 9 . 1 . . 2 2 3 . Class Distribution -------------------- 48% | Scavenger-Tank 18% | Gunner 11% | Scavenger-Scrapper 11% | Tank 4% | Mutant Dominant Class ---------------- Mutant | -10/Materials Gunner | -9/Materials Tank | -9/Storage Scavenger-Tank | -9/Recycling Scavenger-Tank | -9/Scraptown Gunner | -6/Factory Gunner | -6/Lower Caves Gunner | -6/Lower Caves Gunner | -6/Data Miner Gunner | -5/Proximity Caves Gunner | -5/Factory Scavenger-Scrapper | -5/Extension Scavenger-Scrapper | -5/Cetus Scavenger-Tank | -5/Archives Scavenger-Tank | -5/Hub_04(d) Scavenger-Tank | -4/Factory Scavenger-Scrapper | -4/Upper Caves Scavenger-Tank | -4/Upper Caves Scavenger-Scrapper | -4/Warlord Scavenger-Tank | -3/Proximity Caves Scavenger-Tank | -3/Research Scavenger-Tank | -3/Quarantine Scavenger-Tank | -3/Protoforge Scavenger-Tank | -2/Research Resources | -11 -10 -9 -9 -9 -9 -6 -6 -6 -6 -5 -5 -5 -5 -5 -5 -4 -4 -4 -4 -3 -3 -3 -3 -2 ----------- Run | Yrd Mat Mat Sto Rec Scr Fac Low Low Dat Pro Fac Ext Cet Arc Hub Fac Upp Upp War Pro Res Qua Frg Res Matter Collected 21155 | 205 171 329 932 78 103 814 207 41 . 128 1424 1452 896 280 52 1446 368 294 542 669 511 2169 5707 2337 Remotely 6342 | . . . . . . . . . . . 406 240 . . . 1019 . . 342 . 166 587 2130 1452 Salvage Created 29160 | . 726 815 1790 443 . 1522 150 70 . 177 1699 1939 386 422 247 2040 403 280 62 1152 861 2340 6138 5498 Parts 1306 | . 46 49 115 27 . 59 9 3 . 11 88 65 12 31 6 92 7 22 . 48 33 104 292 187 Haulers Intercepted 12 | . 1 1 3 . . 1 . . . . 1 . . . . . . . . . 5 . . . Recyclers Shooed 15 | . 2 2 3 2 . 3 . . . . 1 . . . . 1 . . . . 1 . . . Parts Field Recycled . | . . . . . . . . . . . . . . . . . . . . . . . . . Retrieved Matter . | . . . . . . . . . . . . . . . . . . . . . . . . . Parts Self-Destructed 83 | . . . . . . . 7 3 . 6 . . . . . . 6 14 . 47 . . . . Prevented 5 | . . . . . . . 3 . . . . . . . . . . 1 . 1 . . . . Parts Restored 6 | . . . . . . . . . . . . . . . . . . . . . . . 6 . Faulty 6 | . . . . . . . . . . . . . . . . . . . . . . . 6 . Kills | -11 -10 -9 -9 -9 -9 -6 -6 -6 -6 -5 -5 -5 -5 -5 -5 -4 -4 -4 -4 -3 -3 -3 -3 -2 ------- Run | Yrd Mat Mat Sto Rec Scr Fac Low Low Dat Pro Fac Ext Cet Arc Hub Fac Upp Upp War Pro Res Qua Frg Res Combat Hostiles Destroyed 423 | . 15 18 27 6 . 16 8 1 . 10 28 21 4 2 2 34 5 17 1 20 4 26 94 64 Guns 259 | . 9 6 17 5 . 11 1 . . 1 21 18 4 2 2 33 3 5 1 12 1 24 56 27 Cannons 58 | . . 6 7 1 . . . 1 . . . . . . . . . . . . . 1 23 19 AOE 74 | . 6 6 3 . . 5 7 . . 9 7 3 . . . 1 2 12 . 8 3 . 2 . Classes Destroyed 30 | . 7 1 4 1 . 2 . . . 1 1 1 . . . 1 . . . . 1 2 4 4 Worker 23 | . 3 1 4 . . 4 . . . . 5 . . . 1 1 . . . . . 2 1 1 Builder 14 | . . . . . . 1 . . . . 1 . . . . 2 . . . . 3 1 3 3 Tunneler 1 | . . . . . . . . . . . . . . . . . . . . . 1 . . . Hauler 12 | . 1 1 3 . . 1 . . . . 1 . . . . . . . . . 5 . . . Recycler 28 | . 2 1 4 2 . 4 . . . . 3 5 . . . 1 . . . . 1 2 . 3 Mechanic 2 | . . . 1 . . . . . . . . . . . . . . . . . . . . 1 Operator 12 | . 1 3 1 . . . . . . . 1 1 . 5 . . . . . . . . . . Drone 19 | . . . . . . . . . . 2 . . . . . . . . . 2 . . 15 . Watcher 23 | . 2 3 2 . . 1 . . . . 1 2 1 . 1 3 . . . . . 2 3 2 Swarmer 81 | . 6 3 2 . . 5 7 . . 4 13 . . . . 15 2 13 . . 3 . 6 2 Saboteur 1 | . . . . . . . . . . . . . . . . . . . . . . . . 1 Grunt 126 | . 9 10 9 . . 5 . . . 3 10 7 . . . 8 . . . 8 1 8 17 31 Brawler 14 | . . . 4 . . 1 . . . . . 1 . . . . . . . 2 . . 2 4 Duelist 12 | . . . 1 . . . . . . 1 1 . . . . . . . 1 3 . 1 1 3 Protector 8 | . . . 2 2 . . . . . . . 1 . . . . . . . . . . 2 1 Researcher 2 | . . . . . . . . . . . . . . . . . . . . . . . 2 . Sentry 53 | . . 5 9 3 . 4 1 1 . . . 5 . 2 . 3 1 . . 1 . 3 12 3 Demolisher 3 | . . . . 1 . . . . . . . 2 . . . . . . . . . . . . Hunter 18 | . . . . . . . . . . . 1 4 . . . 3 . 2 . . . 2 3 3 Programmer 50 | . . . . . . 1 . . . . 3 . . . . 4 2 2 . 4 . 10 12 12 Heavy 1 | . . . . . . . . . . . . . . . . . . . . . . . . 1 Q-Series 1 | . . . . . . . . . . . . . . . . . . . . . . . . 1 Behemoth 3 | . . . . . . . . . . . . 1 . . . 1 . . . . . . . 1 Cetus Guard 4 | . . . . . . . . . . . . . 4 . . . . . . . . . . . Enhanced Grunt 1 | . . . . . . . . . . . . . . . 1 . . . . . . . . . Lightning 2 | . . . . . . . . . . . . . . . 2 . . . . . . . . . Hotshot 7 | . . . . . . . . . . . . . . . . . . . . . . . 7 . Decapitator 9 | . . . . . . . . . . . . . . . . . . . . . . . 9 . Immortal 4 | . . . . . . . . . . . . . . . . . . . . . . . 4 . Striker 1 | . . . . . . . . . . . . . . . . . . . . . . . . 1 Alpha 7 3 | . . . . . . . . . . . . . . . . . . . . . . 1 2 . Fortress 1 | . . . . . . . . . . . . . . . . . . . . . . 1 . . V-Series 2 | . . . . . . . . . . . . . . . . . . . . . . . 2 . Scrapoid 1 | . . . . . . . . . . . . . . . . 1 . . . . . . . . Packrat 3 | . . . . . . . . . . . . . . . . . 3 . . . . . . . Tinkerer 1 | . . . . . . . . . . . . . . . . . . . . . . . 1 . Thug 3 | . . . 1 . . . . . . . . 1 . 1 . . . . . . . . . . Butcher 2 | . . . . . . . . . . . . 1 1 . . . . . . . . . . . Best Kill Streak 18 | . 8 7 9 4 . 6 4 1 . 4 9 8 3 4 3 8 3 8 1 10 4 6 9 18 Combat Bots Only 18 | . 6 4 7 4 . 5 4 1 . 4 5 7 3 2 2 7 3 8 1 10 3 4 9 18 Max Kills in Single Turn 7 | . 3 2 3 2 . 4 3 1 . 2 7 3 1 2 1 4 1 2 1 2 3 2 2 3 Gunslinging 2 | . . . . . . . . . . . 1 . . . . 2 . . . . . 1 1 1 Exploded 4 | . 3 2 2 . . 4 3 . . 2 3 2 . . . 1 1 2 . 2 2 . 2 . Melee . | . . . . . . . . . . . . . . . . . . . . . . . . . Uniques/NPCs Destroyed . | . . . . . . . . . . . . . . . . . . . . . . . . . Combat | -11 -10 -9 -9 -9 -9 -6 -6 -6 -6 -5 -5 -5 -5 -5 -5 -4 -4 -4 -4 -3 -3 -3 -3 -2 -------- Run | Yrd Mat Mat Sto Rec Scr Fac Low Low Dat Pro Fac Ext Cet Arc Hub Fac Upp Upp War Pro Res Qua Frg Res Hostile Shots Fired 2540 | . 26 42 72 2 . 101 14 9 . 18 109 63 45 10 20 250 29 74 1 67 7 375 352 854 Missed 713 | . 8 15 21 . . 41 5 1 . 9 31 13 14 3 1 73 9 21 . 23 3 106 86 230 Deflected 15 | . . . . . . . . . . . . . . . . . . . . . . . 14 1 Hits 1827 | . 18 27 51 2 . 60 9 8 . 9 78 50 31 7 19 177 20 53 1 44 4 269 266 624 Melee 71 | . . . 3 . . . . . . . . . . . . . . . . 8 . 3 32 25 Projectile 1756 | . 18 27 48 2 . 60 9 8 . 9 78 50 31 7 19 177 20 53 1 36 4 266 234 599 AOE 14 | . . . . 1 . . . . . . 1 6 . . . . . . 1 . . . 4 1 Critical Strikes 125 | . . . 5 . . 1 . . . 1 3 2 5 . 4 4 1 2 . 4 . 23 35 35 Actively Blocked 44 | . . . . . . . . . . . . . . . . . 1 2 . 1 . . 32 8 Part Disruptions 5 | . . . . . . . . . . . . . . . . . . . 2 . . 1 . 2 Damage Taken 30504 | . 224 339 797 68 . 620 85 55 . 154 1433 1197 742 174 855 2978 200 565 55 537 80 2662 4137 12547 Core 2636 | . 47 43 104 28 . 48 6 . . 19 51 129 38 . 111 236 31 49 . 19 9 92 158 1418 Absorbed by Shields 6200 | . . . . 19 . . . . . . . 178 102 . . 564 213 389 56 563 82 2064 1393 577 Reduced by Siege Mode 200 | . . . . . . . . . . . . . . . . 81 . . . . . . 17 102 Ignored by Resistances 6393 | . . . . . . . . . . . . . . . . . . . . . . 1386 1565 3442 Regen/Repaired (Parts) 574 | . . . 101 . . . . . . . 54 92 . . . 83 . 10 172 . 12 20 30 . Core Remaining (%) 76 | 100 81 . . . 56 . . . . 91 . . . . 67 . . . . 70 . . 70 . Volleys Fired 1115 | . 40 36 73 9 . 51 16 3 . 12 59 85 31 13 9 83 15 20 6 31 22 80 221 200 Largest 5 | . 2 3 3 3 . 4 4 4 . 4 4 4 4 4 4 4 4 4 4 4 5 5 5 5 Hottest 457 | . 130 192 114 114 . 200 130 135 . 130 135 134 137 135 130 139 134 137 140 137 253 253 397 457 Shots Fired 3373 | . 77 94 212 27 . 153 19 9 . 21 194 250 113 50 35 237 52 39 9 102 74 329 747 530 Gun 2740 | . 66 51 155 18 . 140 4 7 . 12 179 220 112 50 35 209 50 26 4 95 62 305 537 403 Cannon 543 | . 8 36 54 9 . 12 12 2 . . 12 . 1 . . 24 . . 5 . 10 24 207 127 Launcher 62 | . 3 6 2 . . 1 3 . . 9 3 4 . . . 4 2 13 . 7 2 . 3 . Special 28 | . . 1 1 . . . . . . . . 26 . . . . . . . . . . . . Kinetic 2385 | . 9 10 145 18 . 130 4 7 . 12 179 220 112 50 35 209 50 26 4 95 62 305 455 248 Thermal 778 | . 65 78 65 9 . 22 12 2 . . 12 . 1 . . 24 . . 5 . 10 24 213 236 Explosive 62 | . 3 6 2 . . 1 3 . . 9 3 4 . . . 4 2 13 . 7 2 . 3 . Electromagnetic 122 | . . . . . . . . . . . . . . . . . . . . . . . 76 46 Robot Hit Streak 37 | . 7 14 16 8 . 16 15 19 . 9 8 24 11 12 3 37 13 19 5 24 13 32 29 27 Robot Miss Streak 8 | . 8 3 3 2 . 4 . 1 . 4 5 5 7 2 4 3 1 1 . 1 3 3 7 3 Penetration Max 2 | . . . . . . 1 . . . . 1 2 1 1 1 1 1 . . 1 1 1 2 2 Secondary Targets 73 | . . . . . . 1 . . . . 6 5 4 1 . 15 . 1 . 4 . 7 22 7 Max Gunslinging Chain 2 | . . . . . . 1 . . . . 1 1 1 1 . 2 . 1 . 1 . 1 2 1 Shots Hit Robots 2149 | . 45 48 136 15 . 95 6 7 . 10 105 177 65 38 15 149 34 30 2 80 39 246 463 344 Core Hits 1064 | . 37 35 64 12 . 46 11 2 . 14 61 79 21 24 11 78 15 24 2 51 25 78 214 160 Critical Kills 74 | . . 2 . . . 3 . . . . . 1 1 2 . 11 . 1 . 7 1 9 18 18 Critical Parts Destroyed 103 | . . . 1 . . 4 . . . 1 4 4 4 4 . 11 1 . . 7 7 13 22 20 Critical Strikes 204 | . 2 5 1 . . 8 . . . 1 4 5 8 7 . 23 2 1 . 14 8 29 41 45 Burn 6 | . 2 3 . . . 1 . . . . . . . . . . . . . . . . . . Meltdown 17 | . . 1 . . . . . . . . . . . . . . . . . . . . 5 11 Destroy 179 | . . 1 1 . . 7 . . . 1 4 5 8 7 . 23 2 1 . 14 8 29 36 32 Corrupt 2 | . . . . . . . . . . . . . . . . . . . . . . . . 2 Melee Attacks 9 | . . . 2 . . . . . . . . . . . . . . . . . . 3 3 1 Kinetic 3 | . . . . . . . . . . . . . . . . . . . . . . 3 . . Impact . | . . . . . . . . . . . . . . . . . . . . . . . . . Slashing 6 | . . . 2 . . . . . . . . . . . . . . . . . . . 3 1 Piercing . | . . . . . . . . . . . . . . . . . . . . . . . . . Sneak Attacks 1 | . . . 1 . . . . . . . . . . . . . . . . . . . . . Combat Hostiles . | . . . . . . . . . . . . . . . . . . . . . . . . . Follow-up Attacks . | . . . . . . . . . . . . . . . . . . . . . . . . . Damage Inflicted 82125 | . 1011 1545 3241 372 . 3277 531 193 . 1256 4586 4815 2114 1091 459 4843 1194 2419 50 3259 1798 6626 18191 19254 Guns 56283 | . 545 450 1562 221 . 2827 68 129 . 103 3096 4081 2114 1091 459 4185 997 548 50 2123 1356 6335 11868 12075 Cannons 14507 | . 83 507 728 66 . . . 64 . . 31 . . . . 33 . . . . 114 189 5553 7139 Explosions 10946 | . 381 588 873 . . 431 463 . . 1153 1422 734 . . . 608 197 1871 . 1136 319 . 770 . Melee 122 | . . . 67 . . . . . . . . . . . . . . . . . . 55 . . Ramming 267 | . 2 . 11 85 . 19 . . . . 37 . . . . 17 . . . . 9 47 . 40 Kinetic 48720 | . 36 108 1493 221 . 2651 68 129 . 103 3096 4081 2114 1091 459 4185 997 548 50 2123 1356 6390 9610 7811 Thermal 19990 | . 592 849 797 66 . 291 . 64 . . 930 . . . . 33 . . . . 114 189 6277 9788 Explosive 9476 | . 381 588 873 . . 254 463 . . 1153 523 734 . . . 608 197 1871 . 1136 319 . 376 . Electromagnetic 3605 | . . . . . . 62 . . . . . . . . . . . . . . . . 1928 1615 Impact . | . . . . . . . . . . . . . . . . . . . . . . . . . Slashing 67 | . . . 67 . . . . . . . . . . . . . . . . . . . . . Piercing . | . . . . . . . . . . . . . . . . . . . . . . . . . Highest Corruption 45 | . 2 . . . . . . . . . 3 7 7 5 16 12 15 16 16 2 . 10 45 16 Average Corruption 11 | . 1 . . . . . . . . . 2 4 6 3 6 3 12 15 15 1 . 4 20 5 Corruption Purged 7 | . . . . . . . . . . . . . 2 5 . . . . . . . . . . Corruption Blocked . | . . . . . . . . . . . . . . . . . . . . . . . . . Effects 370 | . 11 . . . . . . . . . 3 28 17 4 7 10 23 20 3 5 . 5 191 43 Message Errors 57 | . 4 . . . . . . . . . . 8 . 1 2 2 4 3 . 1 . 1 24 7 Matter Fused 91 | . 1 . . . . . . . . . 1 6 2 2 3 2 7 4 . 1 . 2 50 10 Heat Flow Errors 34 | . . . . . . . . . . . . 1 1 . 1 1 2 2 2 . . 1 18 5 Energy Discharges 42 | . . . . . . . . . . . 1 4 2 . . 1 3 4 1 1 . . 18 7 Parts Rejected 3 | . . . . . . . . . . . . . 1 . . . . . . . . . 1 1 Parts Fused 1 | . . . . . . . . . . . . . 1 . . . . . . . . . . . Data Loss (minor) 40 | . 3 . . . . . . . . . . 6 2 . 1 . 2 3 . . . 1 19 3 Data Loss (major) 13 | . 3 . . . . . . . . . . . 1 . . . 2 . . 1 . . 5 1 Misfires 18 | . . . . . . . . . . . . 1 . . . . 2 2 . . . . 13 . Alerts 6 | . . . . . . . . . . . . 1 1 . . 1 . . . . . . 3 . Misdirections 5 | . . . . . . . . . . . . . . . . 1 . . . . . . 1 3 Weapon Failures 60 | . . . . . . . . . . . 1 1 6 1 . 2 1 2 . 1 . . 39 6 Overload Shots 2 | . . . . . . . . . . . . . 1 . . . . . . . . . 1 . Overflow Damage 1552 | . . . 88 . . 10 33 . . 143 145 3 . . . 7 . 62 . . 12 . 327 722 Projectiles 1050 | . . . . . . . . . . . . . . . . . . . . . 7 . 321 722 Explosions 466 | . . . 61 . . 1 33 . . 143 145 3 . . . 7 . 62 . . 5 . 6 . Melee 36 | . . . 27 . . 9 . . . . . . . . . . . . . . . . . . Knockbacks 3 | . . . . . . . . . . . 1 . . . . . . . . . . 2 . . Impact 3 | . . . . . . . . . . . 1 . . . . . . . . . . 2 . . Kinetic . | . . . . . . . . . . . . . . . . . . . . . . . . . Secondary . | . . . . . . . . . . . . . . . . . . . . . . . . . Self-Inflicted Damage 450 | . . . 79 . . . . . . . . . . . . . . 101 . . 4 23 160 83 Shots 8 | . . . 2 . . . . . . . . . . . . . . 2 . . . . 3 1 Rammed 28 | . 1 . 2 15 . 1 . . . . 2 . . . . 2 . . . . 1 3 . 1 Targets Rammed 34 | . 1 . 2 15 . 1 . . . . 3 . . . . 2 . . . . 1 3 . 6 Kicked 5 | . . . . . . . . . . . . . . . . . . . . . . . . 5 Crushed 1 | . . . . . . . . . . . 1 . . . . . . . . . . . . . Highest Temperature 497 | . 198 312 385 244 . 417 76 108 . 125 360 286 336 93 56 376 153 201 344 7 205 173 276 497 Average Temperature 89 | . 80 98 116 89 . 128 39 52 . 48 75 80 127 44 56 70 70 46 156 3 68 64 67 94 Received Heat Transfer 4738 | . 105 135 282 7 . 210 6 12 . 63 273 169 27 9 9 233 8 . . 66 4 254 466 2400 Effects 15 | . . . 1 . . 4 . . . . . 1 3 . . 1 . . . . 1 . 3 1 Shutdowns 2 | . . . . . . 1 . . . . . . . . . . . . . . . . . 1 Energy Bleed 4 | . . . 1 . . . . . . . . 1 . . . . . . . . 1 . 1 . Interference 8 | . . . . . . 3 . . . . . . 3 . . . . . . . . . 2 . Short Circuit 1 | . . . . . . . . . . . . . . . . 1 . . . . . . . . Siege Activations 19 | . . . . . . . . . . . . . . . 1 3 . 2 . . . . 11 2 Total Turns 573 | . . . . . . . . . . . . . . . 1 35 . 15 . . . . 469 53 Longest Duration 214 | . . . . . . . . . . . . . . . 1 22 . 12 . . . . 214 32 Martial Activations . | . . . . . . . . . . . . . . . . . . . . . . . . . Shielding Activations . | . . . . . . . . . . . . . . . . . . . . . . . . . Robots Disrupted 2 | . . . . . . . . . . . . . . . . . . . . . . . . 2 Combat Hostiles 2 | . . . . . . . . . . . . . . . . . . . . . . . . 2 Robots Corrupted 17 | . . . . . . . . . . . . . . . . . . . . . . . 10 7 Combat Hostiles 15 | . . . . . . . . . . . . . . . . . . . . . . . 9 6 Parts Fried 39 | . . . . . . 1 . . . . . . . . 1 . . . . . . . 26 11 Impact Corruptions 1 | . . . . . . 1 . . . . . . . . . . . . . . . . . . Robots Melted 17 | . . 1 . . . . . . . . . . . . . . . . . . . . 5 11 Combat Hostiles 15 | . . . . . . . . . . . . . . . . . . . . . . . 4 11 Parts Melted 45 | . 4 5 2 . . 1 . . . . . 1 . . . 3 1 . . . . . 5 23 Heat Transferred 16958 | . 1519 1850 1415 102 . 500 . 100 . . 700 . . . . 50 . . . . 111 185 4224 6202 Parts Sabotaged 2 | . . . . . . . . . . . . . . . . . . . . . . . . 2 Parts Stolen . | . . . . . . . . . . . . . . . . . . . . . . . . . Parts Stripped 18 | . . . . . . . . . . . . . . . . . . . . . . 18 . . Power Chain Reactions 1 | . . . . . . . . . . . . . . . . . . . . . . . 1 . Alert | -11 -10 -9 -9 -9 -9 -6 -6 -6 -6 -5 -5 -5 -5 -5 -5 -4 -4 -4 -4 -3 -3 -3 -3 -2 ------- Run | Yrd Mat Mat Sto Rec Scr Fac Low Low Dat Pro Fac Ext Cet Arc Hub Fac Upp Upp War Pro Res Qua Frg Res Maximum Alert Level 5 | . . 1 3 1 . 2 . . . . 4 3 2 2 2 4 . . . . 1 2 5 5 Low Security (%) 29 | 100 100 38 8 35 . 79 . . . . . . . . 93 4 . . . . 51 65 13 . Level 1 20 | . . 61 26 64 . 9 . . . . 30 . . 23 6 25 . . . . 48 26 6 . Level 2 13 | . . . 12 . . 11 . . . . 24 62 100 76 . 19 . . . . . 7 6 . Level 3 14 | . . . 52 . . . . . . . 37 37 . . . 3 . . . . . . 16 24 Level 4 13 | . . . . . . . . . . . 7 . . . . 46 . . . . . . 41 23 Level 5 3 | . . . . . . . . . . . . . . . . . . . . . . . 16 6 High Security 4 | . . . . . . . . . . . . . . . . . . . . . . . . 45 Max Security . | . . . . . . . . . . . . . . . . . . . . . . . . . Peak Influence 3599 | . 184 371 800 301 . 438 . . . . 1191 965 685 471 403 1286 . . . . 390 414 1955 3599 Initial 1099 | . . 69 138 281 . . . . . . 300 574 501 246 133 197 . . . . 279 175 207 1099 Average 660 | . 44 242 550 205 . 123 . . . . 638 684 614 416 113 770 . . . . 223 193 1007 1926 Influence Increases 18149 | . 494 586 1113 301 . 701 180 20 . 185 1643 1201 364 305 420 1794 110 390 35 459 691 1017 2691 3449 Destroy 0b10 Robot/C 9580 | . 300 360 620 80 . 320 160 20 . 160 620 640 160 80 120 860 100 340 20 380 200 540 1580 1920 Destroy 0b10 Robot/NC 775 | . 45 45 85 25 . 55 . . . 15 60 45 10 25 25 40 . . . 10 50 35 135 70 Destroy Leader 1562 | . 66 108 170 . . 84 20 . . 10 94 74 . . 34 178 10 50 . 40 50 74 196 304 Allied During Kill 1357 | . . . 29 4 . 4 . . . . 47 260 133 105 164 215 . . . 14 93 10 . 279 Successful Hack 284 | . 15 22 21 42 . 28 . . . . 7 . . . . . . . . . 39 110 . . Select Force Hacks 180 | . 30 . . 150 . . . . . . . . . . . . . . . . . . . . Disable Machine 1350 | . 30 15 105 . . 90 . . . . 180 30 15 75 15 135 . . . . 15 165 285 195 Anti-Garrison Action 350 | . . . . . . . . . . . . . . . . 150 . . . . . . 200 . Destroy Structure 1826 | . 8 36 38 . . 90 . . . . 260 122 46 20 62 216 . . . . 94 68 220 546 Advance Influence 450 | . . . . . . . . . . . 300 . . . . . . . . . 150 . . . Partial Spotted 45 | . . . . . . . . . . . 15 . . . . . . . . . . 15 15 . Lose Combat Pursuer 390 | . . . 45 . . 30 . . . . 60 30 . . . . . . 15 15 . . 60 135 Influence Decreases 14697 | . 328 423 719 950 74 290 591 20 . 185 470 1477 646 539 398 1002 709 322 684 281 572 961 1104 1952 Entered New Map 5229 | . . 97 191 442 74 . 153 . . . . 599 396 369 248 206 443 114 664 15 64 137 161 856 Time Decay 7059 | . 328 326 498 458 . 240 438 20 . 185 380 478 170 140 120 446 246 198 20 246 428 604 674 416 Lost Part 840 | . . . 10 . . 10 . . . . 70 20 20 10 10 80 20 10 . . . 30 70 480 Lost Ally 1070 | . . . 20 50 . 40 . . . . 20 380 60 20 20 120 . . . 20 80 40 . 200 Purge Threat 499 | . . . . . . . . . . . . . . . . 150 . . . . . 150 199 . Squads Dispatched 103 | . 1 1 3 . . 6 . . . . 6 4 . . 1 12 . . . 1 5 6 16 41 Investigation 10 | . 1 . . . . . . . . . 1 2 . . . 1 . . . . 3 . 1 1 Extermination 17 | . . . . . . 1 . . . . 1 . . . . 1 . . . . 1 5 6 2 Reinforcement 16 | . . 1 1 . . 2 . . . . 1 1 . . . 4 . . . . 1 1 2 2 Assault 54 | . . . 2 . . . . . . . 3 1 . . . 4 . . . 1 . . 7 36 Garrison 6 | . . . . . . 3 . . . . . . . . 1 2 . . . . . . . . Intercept . | . . . . . . . . . . . . . . . . . . . . . . . . . Searches Triggered . | . . . . . . . . . . . . . . . . . . . . . . . . . Data Miner Redirects 12 | . . . . . . . . . . . 2 2 . . . 4 . . . . . . 3 1 Construction Impeded 8 | . . . . . . 1 . . . . . 1 . . . 3 . . . . . 1 1 1 Haulers Reinforced 2 | . . . . . . . . . . . . . . . . 1 . . . . 1 . . . Active Scanning Responses . | . . . . . . . . . . . . . . . . . . . . . . . . . Cargo Convoy Interrupts . | . . . . . . . . . . . . . . . . . . . . . . . . . Stealth | -11 -10 -9 -9 -9 -9 -6 -6 -6 -6 -5 -5 -5 -5 -5 -5 -4 -4 -4 -4 -3 -3 -3 -3 -2 --------- Run | Yrd Mat Mat Sto Rec Scr Fac Low Low Dat Pro Fac Ext Cet Arc Hub Fac Upp Upp War Pro Res Qua Frg Res Distress Signals 24 | . . 1 . 1 . . . . . . . 1 2 . 2 1 . . . . 6 2 3 5 Communications Jammed 6 | . . . . . . . . . . . 6 . . . . . . . . . . . . . Distress Signals 6 | . . . . . . . . . . . 6 . . . . . . . . . . . . . Times Spotted 663 | . 23 23 34 4 . 21 7 1 . 12 35 35 10 6 11 56 5 17 5 24 13 43 99 179 Peak Tracking Total 23 | . 5 7 5 1 . 5 3 1 . 5 5 8 5 2 6 10 3 5 5 10 4 6 7 23 Tactical Retreats 22 | . . . 2 . . 2 . . . . 2 2 . . . . . . 1 1 . . 4 8 Traps | -11 -10 -9 -9 -9 -9 -6 -6 -6 -6 -5 -5 -5 -5 -5 -5 -4 -4 -4 -4 -3 -3 -3 -3 -2 ------- Run | Yrd Mat Mat Sto Rec Scr Fac Low Low Dat Pro Fac Ext Cet Arc Hub Fac Upp Upp War Pro Res Qua Frg Res Traps Triggered 26 | . 2 . . . . 1 . . . . . 5 . . 4 2 . . 1 . . . 10 1 Indirectly 1 | . . . . . . 1 . . . . . . . . . . . . . . . . . . Trap Hack Attempts . | . . . . . . . . . . . . . . . . . . . . . . . . . Triggered . | . . . . . . . . . . . . . . . . . . . . . . . . . Disarmed . | . . . . . . . . . . . . . . . . . . . . . . . . . Reprogrammed . | . . . . . . . . . . . . . . . . . . . . . . . . . Reused . | . . . . . . . . . . . . . . . . . . . . . . . . . Traps Extracted . | . . . . . . . . . . . . . . . . . . . . . . . . . Installed . | . . . . . . . . . . . . . . . . . . . . . . . . . Triggered . | . . . . . . . . . . . . . . . . . . . . . . . . . Machines | -11 -10 -9 -9 -9 -9 -6 -6 -6 -6 -5 -5 -5 -5 -5 -5 -4 -4 -4 -4 -3 -3 -3 -3 -2 ---------- Run | Yrd Mat Mat Sto Rec Scr Fac Low Low Dat Pro Fac Ext Cet Arc Hub Fac Upp Upp War Pro Res Qua Frg Res Machines Disabled 101 | . 2 1 7 . . 6 . 2 . . 12 2 1 5 1 10 . . . . 1 12 26 13 Max in Single Turn 9 | . 1 1 2 . . 3 . 2 . . 9 1 1 1 1 2 . . . . 1 1 1 1 Garrison Access 2 | . . . . . . . . . . . . . . . . 1 . . . . . . 1 . Network Hub 1 | . . . . . . . . . . . . . . . 1 . . . . . . . . . Machines Repaired . | . . . . . . . . . . . . . . . . . . . . . . . . . Machines Dismantled 2 | . . . 1 . . . . . . . . . . . 1 . . . . . . . . . Machines Sabotaged . | . . . . . . . . . . . . . . . . . . . . . . . . . Overloaded Fab Kills . | . . . . . . . . . . . . . . . . . . . . . . . . . Hacking | -11 -10 -9 -9 -9 -9 -6 -6 -6 -6 -5 -5 -5 -5 -5 -5 -4 -4 -4 -4 -3 -3 -3 -3 -2 --------- Run | Yrd Mat Mat Sto Rec Scr Fac Low Low Dat Pro Fac Ext Cet Arc Hub Fac Upp Upp War Pro Res Qua Frg Res Machines Accessed 86 | . 7 6 9 11 3 6 1 . 4 . 4 2 1 . 3 3 1 . 2 . 4 12 4 3 Terminals 53 | . 6 5 8 6 . 3 . . . . 3 2 1 . 3 2 . . . . 2 8 3 1 Fabricators 1 | . . . . . . . . . . . . . . . . . . . . . . . . 1 Repair Stations 3 | . . . 1 . . . . . . . . . . . . . . . . . . 2 . . Recycling Units 10 | . 1 . . 5 . 1 . . . . 1 . . . . 1 . . . . 1 . . . Scanalyzers 5 | . . 1 . . . . . . . . . . . . . . . . . . 1 2 . 1 Garrison Access 3 | . . . . . . 2 . . . . . . . . . . . . . . . . 1 . Total Hacks 220 | . 22 20 20 20 13 10 1 . 30 . 5 4 2 . 4 9 1 . 2 . 9 35 7 6 Successful 131 | . 12 15 9 13 13 4 1 . 30 . 2 1 . . 1 4 1 . 2 . 3 15 4 1 Failed 88 | . 10 5 11 7 . 6 . . . . 3 3 2 . 3 5 . . . . 6 20 3 4 Catastrophic 20 | . 1 . 3 2 . 3 . . . . . . . . 1 1 . . . . 2 4 1 2 Database Lockouts 1 | . . . . . . . . . . . . . . . . . . . . . . . . 1 Manual 100 | . 20 13 11 15 . 4 . . . . 5 1 1 . 1 8 . . 1 . 2 14 3 1 Terminals 135 | . 21 17 15 13 . 7 . . . . 4 4 2 . 4 8 . . . . 5 26 6 3 Fabricators 1 | . . . . . . . . . . . . . . . . . . . . . . . . 1 Repair Stations 10 | . . . 5 . . . . . . . . . . . . . . . . . . 5 . . Recycling Units 12 | . 1 . . 7 . 1 . . . . 1 . . . . 1 . . . . 1 . . . Scanalyzers 12 | . . 3 . . . . . . . . . . . . . . . . . . 3 4 . 2 Garrison Access 3 | . . . . . . 2 . . . . . . . . . . . . . . . . 1 . Terminal Hacks 84 | . 4 5 2 3 13 3 1 . 30 . 1 1 . . 1 3 1 . 2 . 1 10 3 . Record 23 | . . . . . 12 . . . 11 . . . . . . . . . . . . . . . Part Schematic 14 | . 2 . . . . . . . 12 . . . . . . . . . . . . . . . Robot Schematic 4 | . . . . . . . . . 4 . . . . . . . . . . . . . . . Robot Analysis 2 | . . 1 . . . 1 . . . . . . . . . . . . . . . . . . Prototype ID Bank 8 | . 1 2 . 1 . . . . 3 . . . . . 1 . . . . . . . . . Open Door 6 | . . . 2 . . . 1 . . . . . . . . . 1 . 2 . . . . . Level Access Points 1 | . . . . . . . . . . . . . . . . . . . . . . 1 . . Branch Access Points 4 | . . 1 . . . 1 . . . . 1 . . . . 1 . . . . . . . . Emergency Access Points 1 | . . . . . . . . . . . . . . . . . . . . . . 1 . . Terminal Index 2 | . . 1 . . . . . . . . . . . . . . . . . . 1 . . . Alert Level 3 | . . . . . . . . . . . . 1 . . . . . . . . . 2 . . Unreport Threat 4 | . . . . . . . . . . . . . . . . 1 . . . . . 1 2 . Locate Traps 5 | . 1 . . . . . . . . . . . . . . 1 . . . . . 3 . . Maintenance Status 1 | . . . . . . 1 . . . . . . . . . . . . . . . . . . Hauler Manifests 1 | . . . . 1 . . . . . . . . . . . . . . . . . . . . Zone Layout 3 | . . . . 1 . . . . . . . . . . . . . . . . . 2 . . Proto ID Catalog 2 | . . . . . 1 . . . . . . . . . . . . . . . . . 1 . Fabricator Hacks . | . . . . . . . . . . . . . . . . . . . . . . . . . Repair Station Hacks 3 | . . . 2 . . . . . . . . . . . . . . . . . . 1 . . Scan Component 2 | . . . 1 . . . . . . . . . . . . . . . . . . 1 . . Repair 1 | . . . 1 . . . . . . . . . . . . . . . . . . . . . Recycling Unit Hacks . | . . . . . . . . . . . . . . . . . . . . . . . . . Scanalyzer 6 | . . 3 . . . . . . . . . . . . . . . . . . 1 1 . 1 Retrieve Study 6 | . . 3 . . . . . . . . . . . . . . . . . . 1 1 . 1 Garrison Access Hacks . | . . . . . . . . . . . . . . . . . . . . . . . . . Unauthorized Hacks 38 | . 8 7 5 10 . 1 . . . . 1 . . . . 1 . . . . 1 3 1 . Terminals 27 | . 7 7 5 5 . 1 . . . . . . . . . . . . . . . 2 . . Track 1 | . . . . . . . . . . . . . . . . . . . . . . 1 . . Botnet 6 | . 2 2 . . . 1 . . . . . . . . . . . . . . . 1 . . Skim 20 | . 5 5 5 5 . . . . . . . . . . . . . . . . . . . . Fabricators . | . . . . . . . . . . . . . . . . . . . . . . . . . Repair Stations . | . . . . . . . . . . . . . . . . . . . . . . . . . Recycling Units 9 | . 1 . . 5 . . . . . . 1 . . . . 1 . . . . 1 . . . Tunnel 6 | . 1 . . 5 . . . . . . . . . . . . . . . . . . . . Scrapoids 3 | . . . . . . . . . . . 1 . . . . 1 . . . . 1 . . . Scanalyzers 1 | . . . . . . . . . . . . . . . . . . . . . . 1 . . Researchers 1 | . . . . . . . . . . . . . . . . . . . . . . 1 . . Garrison Access 1 | . . . . . . . . . . . . . . . . . . . . . . . 1 . Jam 1 | . . . . . . . . . . . . . . . . . . . . . . . 1 . Data Cores Recovered 3 | . 1 1 . . . . . . . . . 1 . . . . . . . . . . . . Used . | . . . . . . . . . . . . . . . . . . . . . . . . . Hacking Detections 55 | . 5 4 7 7 . 6 . . . . 3 2 1 . 3 2 . . . . 3 8 2 2 Full Trace Events . | . . . . . . . . . . . . . . . . . . . . . . . . . Feedback Events . | . . . . . . . . . . . . . . . . . . . . . . . . . Feedback Blocked . | . . . . . . . . . . . . . . . . . . . . . . . . . Robot Schematics Acquired 5 | . . . . . . . . . 4 . . . . . . . . . . . . . 1 . Robots Built . | . . . . . . . . . . . . . . . . . . . . . . . . . Authchips . | . . . . . . . . . . . . . . . . . . . . . . . . . Time . | . . . . . . . . . . . . . . . . . . . . . . . . . Total Robot Build Rating . | . . . . . . . . . . . . . . . . . . . . . . . . . Part Schematics Acquired 23 | . 2 . . . . . . . 12 . . . . . . . . . . . . . 9 . Parts Built . | . . . . . . . . . . . . . . . . . . . . . . . . . Authchips . | . . . . . . . . . . . . . . . . . . . . . . . . . Time . | . . . . . . . . . . . . . . . . . . . . . . . . . Total Part Build Rating . | . . . . . . . . . . . . . . . . . . . . . . . . . Part Studies Acquired 6 | . . 3 . . . . . . . . . . . . . . . . . . 1 1 . 1 Parts Repaired 1 | . . . 1 . . . . . . . . . . . . . . . . . . . . . Time 51 | . . . 51 . . . . . . . . . . . . . . . . . . . . . Parts Recycled . | . . . . . . . . . . . . . . . . . . . . . . . . . Recycled Matter . | . . . . . . . . . . . . . . . . . . . . . . . . . Retrieved Matter . | . . . . . . . . . . . . . . . . . . . . . . . . . Retrieved Components . | . . . . . . . . . . . . . . . . . . . . . . . . . Parts Scanalyzed . | . . . . . . . . . . . . . . . . . . . . . . . . . Part Schematics Acquired . | . . . . . . . . . . . . . . . . . . . . . . . . . Parts Damaged . | . . . . . . . . . . . . . . . . . . . . . . . . . Bothacking | -11 -10 -9 -9 -9 -9 -6 -6 -6 -6 -5 -5 -5 -5 -5 -5 -4 -4 -4 -4 -3 -3 -3 -3 -2 ------------ Run | Yrd Mat Mat Sto Rec Scr Fac Low Low Dat Pro Fac Ext Cet Arc Hub Fac Upp Upp War Pro Res Qua Frg Res Used RIF Installer . | . . . . . . . . . . . . . . . . . . . . . . . . . Robots Hacked 1 | . . . . . . . . . . . . 1 . . . . . . . . . . . . Non-combat . | . . . . . . . . . . . . . . . . . . . . . . . . . Combat 1 | . . . . . . . . . . . . 1 . . . . . . . . . . . . Robot Hacks Applied 1 | . . . . . . . . . . . . 1 . . . . . . . . . . . . parse_system 1 | . . . . . . . . . . . . 1 . . . . . . . . . . . . Relay Couplers Released 1 | . . . . . . . . . . . . . . . . 1 . . . . . . . . Machine Destruction 1 | . . . . . . . . . . . . . . . . 1 . . . . . . . . Fabnet Peak Effective % . | . . . . . . . . . . . . . . . . . . . . . . . . . Robots Rewired 21 | . . . . 6 . . . . . . . 13 . . . . . . . 2 . . . . Allies Hacked 1 | . . . . . . . . . . . 1 . . . . . . . . . . . . . Hacks Repelled . | . . . . . . . . . . . . . . . . . . . . . . . . . Allies | -11 -10 -9 -9 -9 -9 -6 -6 -6 -6 -5 -5 -5 -5 -5 -5 -4 -4 -4 -4 -3 -3 -3 -3 -2 -------- Run | Yrd Mat Mat Sto Rec Scr Fac Low Low Dat Pro Fac Ext Cet Arc Hub Fac Upp Upp War Pro Res Qua Frg Res Total Allies 57 | . . . 2 6 . . . . . . 5 27 5 . . 5 . . . 2 5 . . . Largest Group 11 | . . . 2 3 3 2 . . . . 5 11 9 9 6 5 . . . 2 5 2 . . Highest-Rated Group 702 | . . . 62 43 31 13 . . . . 238 398 702 702 501 288 . . . 128 323 128 . . Highest-Rated Ally 159 | . . . 31 27 18 8 . . . . 50 159 159 150 96 96 . . . 64 67 64 . . Total Orders 32 | . . . . . . . . . . . 3 6 1 2 6 2 . 2 . . 1 2 . 7 STAY 11 | . . . . . . . . . . . 2 2 . 1 4 . . . . . . 1 . 1 FOLLOW 13 | . . . . . . . . . . . 1 4 1 1 2 2 . . . . 1 1 . . EXPLORE 2 | . . . . . . . . . . . . . . . . . . 1 . . . . . 1 RETURN 6 | . . . . . . . . . . . . . . . . . . 1 . . . . . 5 Ally Attacks 630 | . . . 22 6 . 4 . . . . 16 113 52 14 64 108 . . . 4 45 15 . 167 Total Damage 19492 | . . . 374 44 . 18 . . . . 398 2743 1102 429 2032 2450 . . . 171 1024 377 . 8330 Kills 96 | . . . 6 . . . . . . . 4 13 5 2 8 11 . . . 1 7 1 . 38 Allies Corrupted 6 | . . . . . . . . . . . . . . . 1 . . . . 1 . 1 . 3 Allies Melted 1 | . . . . . . . . . . . . . . . . . . . 1 . . . . . Intel | -11 -10 -9 -9 -9 -9 -6 -6 -6 -6 -5 -5 -5 -5 -5 -5 -4 -4 -4 -4 -3 -3 -3 -3 -2 ------- Run | Yrd Mat Mat Sto Rec Scr Fac Low Low Dat Pro Fac Ext Cet Arc Hub Fac Upp Upp War Pro Res Qua Frg Res Active Infowar (turns) 9447 | . . . . . . 418 1222 960 124 668 836 662 . . . 90 . . . 105 1039 1086 822 1415 Optics 90 | . . . . . . . . . . . . . . . . 90 . . . . . . . . Sensors 609 | . . . . . . 119 . . . . . . . . . . . . . 105 351 34 . . IFF 2075 | . . . . . . . . . . . . . . . . . . . . . . 867 822 386 Seismic 6532 | . . . . . . 221 1222 960 124 668 784 662 . . . . . . . . 875 1016 . . Cloaking 1379 | . . . . . . . . . . . . . . . . . . . . . . . . 1379 Jamming 671 | . . . . . . 91 . . . . 580 . . . . . . . . . . . . . Robot Analysis Total 2 | . . 1 . . . 1 . . . . . . . . . . . . . . . . . . Derelict Logs Recovered 8 | . . . . . . . 2 2 . 3 . . . . . . . 1 . . . . . . Drone Launches 33 | . . . . . . . . . . . . . . . . . . 1 . . . . . 32 Drone Recoveries 21 | . . . . . . . . . . . . . . . . . . 1 . . . . . 20 Exploration | -11 -10 -9 -9 -9 -9 -6 -6 -6 -6 -5 -5 -5 -5 -5 -5 -4 -4 -4 -4 -3 -3 -3 -3 -2 ------------- Run | Yrd Mat Mat Sto Rec Scr Fac Low Low Dat Pro Fac Ext Cet Arc Hub Fac Upp Upp War Pro Res Qua Frg Res Turns Passed 25511 | 87 902 730 1325 1148 2488 968 1222 960 124 732 885 1222 344 293 246 1103 534 417 796 703 1041 1942 3433 1866 Spaces Moved 12907 | 49 459 393 415 584 1528 457 732 595 78 437 373 810 178 150 119 478 285 241 702 414 504 943 1231 752 Core 3 | 3 . . . . . . . . . . . . . . . . . . . . . . . . Treads 7876 | 46 459 198 415 584 1528 457 732 595 78 437 297 . 67 150 119 391 99 15 . 4 . . 774 431 Legs 321 | . . . . . . . . . . . . . . . . . . . . . . . . 321 Wheels 4707 | . . 195 . . . . . . . . 76 810 111 . . 87 186 226 702 410 504 943 457 . Hover . | . . . . . . . . . . . . . . . . . . . . . . . . . Flight . | . . . . . . . . . . . . . . . . . . . . . . . . . Fastest Speed 50 | 50 160 95 160 160 160 160 160 160 160 160 110 110 110 160 160 120 120 120 90 100 140 150 130 126 Average Speed 150 | 153 160 131 160 160 160 162 160 160 160 160 152 113 133 160 160 170 168 134 105 126 153 160 159 146 Slowest Speed 240 | 160 160 220 160 200 160 225 213 160 160 160 233 120 240 160 160 240 240 240 130 240 160 170 240 160 Overloaded Moves . | . . . . . . . . . . . . . . . . . . . . . . . . . Propulsion Burnouts . | . . . . . . . . . . . . . . . . . . . . . . . . . Robots Hopped . | . . . . . . . . . . . . . . . . . . . . . . . . . Potential Cave-ins 27 | . . . . . . . . . . . . . . . . 4 . . . . . . 13 10 Cave-ins Triggered 1 | . . . . . . . . . . . . . . . . 1 . . . . . . . . Teleports 2 | . . . . . . . . . . . . . . . . . . . . . . . 1 1 Exploration Rate (%) 55 | 4 83 41 62 98 91 14 92 86 69 68 13 85 63 82 19 17 48 43 87 59 17 81 31 29 Regions Visited 24 Branch Regions 17 Pre-discovered Areas 12 | . 1 2 . 7 . . 1 . 1 . . . . . . . . . . . . . . . Known Exits Taken 6 | . . 1 . 1 . 1 . . . . 1 . . . . 1 . . . . . . 1 . Unknown Exits Taken 18 | 1 1 . 1 . 1 . 1 1 1 1 . 1 1 1 1 . 1 1 1 1 1 1 . . Scrap Searched 26 | . . . . . 10 . 8 3 . 1 . . . . . . . 3 . 1 . . . . Spaces Dug 146 | . . 1 2 . . 10 10 . . 8 9 . . . . 14 . . 2 . 4 8 8 70 Terrain Destroyed 1575 | . 7 56 31 . . 130 59 2 . 117 161 85 35 18 13 119 42 142 5 137 27 38 112 239 Melee 3 | . . . 1 . . . . . . . . . . . . . . . . . . . 1 1 Projectile 787 | . . 1 1 . . 40 14 2 . 4 61 85 35 18 13 74 23 4 5 40 10 36 109 212 AOE 778 | . 7 55 29 . . 90 45 . . 113 100 . . . . 45 19 138 . 97 17 . . 23 Terrain Rammed . | . . . . . . . . . . . . . . . . . . . . . . . . . Walls Destroyed . | . . . . . . . . . . . . . . . . . . . . . . . . . Machines Disabled . | . . . . . . . . . . . . . . . . . . . . . . . . . Actions | -11 -10 -9 -9 -9 -9 -6 -6 -6 -6 -5 -5 -5 -5 -5 -5 -4 -4 -4 -4 -3 -3 -3 -3 -2 --------- Run | Yrd Mat Mat Sto Rec Scr Fac Low Low Dat Pro Fac Ext Cet Arc Hub Fac Upp Upp War Pro Res Qua Frg Res Total 17161 | 58 552 531 894 765 1581 614 768 598 77 454 600 1049 270 185 153 661 317 301 750 532 741 1206 2307 1197 Wait 1734 | . 19 49 345 90 . 45 . . . 2 110 93 14 6 13 31 5 28 3 35 149 56 555 86 Move 12883 | 48 458 392 414 583 1527 456 731 594 77 436 372 809 177 149 118 477 284 240 701 413 503 942 1230 752 Hop . | . . . . . . . . . . . . . . . . . . . . . . . . . Pick Up 243 | 4 9 12 6 2 18 15 5 . . . 11 7 11 4 2 9 3 4 7 1 18 19 53 23 Fast Attach 138 | 6 7 9 8 . 5 2 . . . . 3 4 7 3 4 10 . . 9 1 3 15 27 15 Attach 113 | . . 2 4 . 1 6 . . . . 10 1 1 . 2 4 7 1 3 1 4 9 26 31 Detach 59 | . 3 3 4 . 2 2 . . . . 3 . 1 1 . 3 . . 2 . 5 9 12 9 Swap 423 | . 5 11 14 4 5 22 9 1 . 4 22 20 12 3 2 31 2 8 3 10 15 44 115 61 Drop 277 | . 10 17 14 4 23 14 7 . . . 7 14 16 6 . 11 1 . 16 1 21 26 57 12 Fire 1115 | . 40 36 73 9 . 51 16 3 . 12 59 85 31 13 9 83 15 20 6 31 22 80 221 200 Melee 9 | . . . 2 . . . . . . . . . . . . . . . . . . 3 3 1 Ram 5 | . . . . . . . . . . . . . . . . . . . . . 1 3 . 1 Kick 5 | . . . . . . . . . . . . . . . . . . . . . . . . 5 Crush 24 | . 1 . 2 15 . 1 . . . . 3 . . . . 1 . . . . . . . 1 Escape Stasis 25 | . . . . . . . . . . . . 16 . . . 1 . . . . . . 8 . Rewire 97 | . . . . 58 . . . . . . . . . . . . . . . 39 . . . . Trap . | . . . . . . . . . . . . . . . . . . . . . . . . . Miscellaneous 11 | . . . 8 . . . . . . . . . . . 3 . . . . . . . . . Route ------- -11/Scrapyard -10/Materials (discovered 5 exits: *Mat x3 / [*Min] / Sub) -9/Materials (discovered 4 exits: [*Mat] / *Min x2 / *Sto) -9/Storage (discovered 2 exits: [*Mat] / *Rec) -9/Recycling (discovered 2 exits: *Fac / *Scr) -9/Scraptown (discovered 2 exits: *Fac x2) -6/Factory (discovered 2 exits: *Low x2) -6/Lower Caves -6/Lower Caves (discovered 2 exits: *Fac / *Dat) -6/Data Miner -5/Proximity Caves -5/Factory (discovered 4 exits: *Upp x2 / *Ext x2) -5/Extension (discovered 2 exits: *Fac / *Cet) -5/Cetus (discovered 2 exits: *Fac / [*Arc]) -5/Archives (discovered 3 exits: *Fac / *Hub x2) -5/Hub_04(d) -4/Factory (discovered 2 exits: *Upp x2) -4/Upper Caves -4/Upper Caves -4/Warlord -3/Proximity Caves -3/Research (discovered 2 exits: *Res / *Qua) -3/Quarantine (discovered 3 exits: Res / [*Sec] / *Frg) -3/Protoforge -2/Research (discovered 1 exit: [*Acc]) History --------- Turn | Location | Event 6 | -11/Scrapyard | Discovered new exit (range 15) 88 | -11/Scrapyard | Entered Materials 311 | -10/Materials | Build established: Mutant 339 | -10/Materials | Discovered new exit (range 16) 443 | -10/Materials | Discovered new exit (range 6) 611 | -10/Materials | Discovered new exit (range 10) 787 | -10/Materials | Learned Storage interactive machine intel 861 | -10/Materials | Learned Storage trap positions 888 | -10/Materials | Derelicts attacked the area 976 | -10/Materials | Discovered new exit (range 3) 978 | -10/Materials | Identified exit to Subcaves 990 | -10/Materials | Entered another Materials area 990 | -9/Materials | Evolved 2 slots: Propulsion x1, Weapon x1 1013 | -9/Materials | Identified exit to Mines 1013 | -9/Materials | Identified exit to Storage 1284 | -9/Materials | Build established: Gunner 1381 | -9/Materials | Discovered new exit (range 15) 1463 | -9/Materials | Learned Storage trap positions 1609 | -9/Materials | Learned Storage trap positions 1720 | -9/Materials | Learned location of Recycling (-9) 1720 | -9/Materials | Entered Storage 1721 | -9/Storage | Loaded intel: 17 trap records 1722 | -9/Storage | Loaded intel: 21 interactive machine locations 1741 | -9/Storage | Build established: Tank 2158 | -9/Storage | Discovered new exit (range 15) 2169 | -9/Storage | Met a pair of Derelict thieves 2254 | -9/Storage | Destroyed 7 combat bots 2387 | -9/Storage | Repaired Imp. Assault Rifle? 2769 | -9/Storage | Learned location of 1 exit from Recycling 2779 | -9/Storage | Used back door to open Recycling access 2779 | -9/Storage | Discovered new exit (range 5) 2826 | -9/Storage | Learned Storage trap positions 2871 | -9/Storage | Learned location of 1 exit from Recycling 2904 | -9/Storage | Loaded intel: 14 terminal locations 2925 | -9/Storage | Learned Materials trap positions 2981 | -9/Storage | Learned Storage trap positions 3019 | -9/Storage | Learned 4 Materials zone layouts 3045 | -9/Storage | Entered Recycling 3046 | -9/Recycling | Identified exit to Factory 3046 | -9/Recycling | Identified exit to Scraptown 3359 | -9/Recycling | Build established: Scavenger-Tank 3671 | -9/Recycling | Lost 3 allies 3911 | -9/Recycling | Learned Storage emergency access door positions 4020 | -9/Recycling | Learned location of 2 exits from Materials 4061 | -9/Recycling | Learned location of Zion (-7) 4066 | -9/Recycling | Scanned before Scraplab entrance 4089 | -9/Recycling | Entered Scraplab 4110 | -9/Recycling | Learned Storage non-interactive machine intel 4193 | -9/Recycling | Entered Scraptown 4193 | -9/Scraptown | Accompanied by 3 allies 4523 | -9/Scraptown | Discovered new exit (range 11) 4630 | -9/Scraptown | Visited Cyclists 4672 | -9/Scraptown | Visited Scrapoid Research Area 4987 | -9/Scraptown | Visited Comm Corps 5046 | -9/Scraptown | Visited Bundlers 5232 | -9/Scraptown | Visited CR-KLE's Repair Center 5250 | -9/Scraptown | Visited Awakened 5330 | -9/Scraptown | Visited UFD Registry 5330 | -9/Scraptown | Registered with UFD as "Wrenchwalker" 5349 | -9/Scraptown | Visited SPCMW 5448 | -9/Scraptown | Visited DA-N13 Charitable Foundation 5454 | -9/Scraptown | Found DCF Scrap (32 items) 5511 | -9/Scraptown | Visited Science Guys 5587 | -9/Scraptown | Visited Junk Repository 5703 | -9/Scraptown | Visited Derelict Rescue Squad 5713 | -9/Scraptown | Found DRS Beacon 5741 | -9/Scraptown | Visited Junk Repository 5747 | -9/Scraptown | Build established: Tank 5853 | -9/Scraptown | Visited Modified Component R&D 6024 | -9/Scraptown | Visited Chapter 10 6055 | -9/Scraptown | Visited LU-1G1's Boring Crew 6454 | -9/Scraptown | Found Scrap Suit 6474 | -9/Scraptown | Discovered new exit (range 5) 6586 | -9/Scraptown | Met Optimus 6586 | -9/Scraptown | Accepted into 0bPrime 6681 | -9/Scraptown | Entered Factory 6681 | -6/Factory | Accompanied by 2 allies 6681 | -6/Factory | Evolved 6 slots: Propulsion x1, Utility x4, Weapon x1 6835 | -6/Factory | Identified exit to Lower Caves 6969 | -6/Factory | Build established: Scrapper 7536 | -6/Factory | Build established: Gunner 7649 | -6/Factory | Entered Lower Caves 8041 | -6/Lower Caves | Learned Factory stockpile data 8517 | -6/Lower Caves | Attracted the attention of an 0b10 checkpoint 8781 | -6/Lower Caves | Discovered new exit (range 15) 8871 | -6/Lower Caves | Entered another Lower Caves area 8967 | -6/Lower Caves | Discovered new exit (range 10) 9110 | -6/Lower Caves | Learned Factory stockpile data 9116 | -6/Lower Caves | Attracted the attention of an 0b10 checkpoint 9230 | -6/Lower Caves | Encountered a Warlord checkpoint 9527 | -6/Lower Caves | Learned Factory stockpile data 9753 | -6/Lower Caves | Acquired the password to a Derelict Tinkerer's latest research 9808 | -6/Lower Caves | Discovered new exit (range 15) 9831 | -6/Lower Caves | Entered Data Miner 9831 | -6/Data Miner | Discovered new exit (range 6) 9862 | -6/Data Miner | Met Data Miner 9892 | -6/Data Miner | Learned location of Section 7 (-3) 9892 | -6/Data Miner | Acquired the access code to Warlord's prototype stash 9919 | -6/Data Miner | Received God Mode back door access code from Data Miner 9955 | -6/Data Miner | Entered Proximity Caves 9958 | -5/Proximity Caves | Spotter reported a threat 9958 | -5/Proximity Caves | Spotter reported a threat 10283 | -5/Proximity Caves | Learned Factory trap positions 10283 | -5/Proximity Caves | Discovered new exit (range 3) 10353 | -5/Proximity Caves | Learned Factory interactive machine intel 10687 | -5/Proximity Caves | Entered Factory 10687 | -5/Factory | Evolved 2 slots: Utility x2 10688 | -5/Factory | Loaded intel: 88 trap records 10690 | -5/Factory | Loaded intel: 55 interactive machine locations 10987 | -5/Factory | First assault squad dispatched 11003 | -5/Factory | Incoming assault squad redirected 11009 | -5/Factory | Identified exit to Upper Caves 11009 | -5/Factory | Identified exit to Extension 11313 | -5/Factory | Incoming assault squad redirected 11412 | -5/Factory | Lost 3 parts (2n1u) 11454 | -5/Factory | Lost 3 parts (2n1u) 11504 | -5/Factory | Scrapoid reinforcements arrived 11529 | -5/Factory | Found Scrap Suit 11572 | -5/Factory | Entered Extension 11572 | -5/Extension | Accompanied by 3 allies 11614 | -5/Extension | Rescued a captive Derelict 11669 | -5/Extension | Incoming investigation squad redirected 11805 | -5/Extension | Rescued a captive Derelict 11806 | -5/Extension | Rescued a captive Derelict 11808 | -5/Extension | Build established: Scavenger-Scrapper 11955 | -5/Extension | Rescued a captive Derelict 11990 | -5/Extension | Rescued a captive Derelict 11992 | -5/Extension | Rescued a captive Derelict 12019 | -5/Extension | Lost 3 allies 12034 | -5/Extension | Rescued a captive Derelict 12035 | -5/Extension | Rescued a captive Derelict 12047 | -5/Extension | Rescued a captive Derelict 12172 | -5/Extension | First assault squad dispatched 12222 | -5/Extension | Incoming investigation squad redirected 12227 | -5/Extension | Spotted B-75 Beast 12235 | -5/Extension | Destroyed B-75 Beast 12245 | -5/Extension | Spotted B-75 Beast 12253 | -5/Extension | Allies destroyed B-75 Beast 12310 | -5/Extension | Lost 9 allies 12312 | -5/Extension | Destroyed 7 combat bots 12347 | -5/Extension | Disrupted transfer network 12355 | -5/Extension | Rescued A7 12428 | -5/Extension | Rescued a captive Derelict 12661 | -5/Extension | Rescued a captive Derelict 12668 | -5/Extension | Rescued a captive Derelict 12725 | -5/Extension | Rescued a captive Derelict 12745 | -5/Extension | Discovered new exit (range 10) 12747 | -5/Extension | Discovered new exit (range 6) 12794 | -5/Extension | Entered Cetus 12794 | -5/Cetus | Accompanied by 8 allies (A7) 12799 | -5/Cetus | Acquired a Cetus Manufacturing Module code from A7 12808 | -5/Cetus | Spotted Cetus Guard 12809 | -5/Cetus | Spotted Cetus Guard 12812 | -5/Cetus | Destroyed Cetus Guard 12818 | -5/Cetus | Spotted Cetus Guard 12819 | -5/Cetus | Allies destroyed Cetus Guard 12819 | -5/Cetus | Spotted Cetus Guard 12833 | -5/Cetus | Allies destroyed Cetus Guard 12839 | -5/Cetus | Allies destroyed Cetus Guard 12920 | -5/Cetus | Started Cetus Manufacturing Module 12932 | -5/Cetus | Escorted A7 to Cetus Mainframe 12944 | -5/Cetus | Discovered new exit (range 15) 12945 | -5/Cetus | Manufactured an Enhanced Grunt 12970 | -5/Cetus | Manufactured an Enhanced Grunt 12971 | -5/Cetus | Spotted Cetus Guard 12971 | -5/Cetus | Spotted Cetus Guard 12974 | -5/Cetus | Spotted Cetus Guard 12974 | -5/Cetus | Spotted Cetus Guard 12974 | -5/Cetus | Destroyed Cetus Guard 12984 | -5/Cetus | Destroyed Cetus Guard 12995 | -5/Cetus | Manufactured an Enhanced Grunt 12999 | -5/Cetus | Destroyed Cetus Guard 13001 | -5/Cetus | Allies destroyed Cetus Guard 13014 | -5/Cetus | Discovered new exit (range 16) 13020 | -5/Cetus | Manufactured an Enhanced Grunt 13027 | -5/Cetus | Lost 3 allies 13037 | -5/Cetus | Met Revision 17 13045 | -5/Cetus | Manufactured an Enhanced Grunt 13138 | -5/Cetus | Entered Archives 13138 | -5/Archives | Accompanied by 9 allies (A7) 13143 | -5/Archives | Received a hacking code to weaken MAIN.C 13201 | -5/Archives | Discovered new exit (range 15) 13273 | -5/Archives | Discovered new exit (range 16) 13276 | -5/Archives | Build established: Scavenger-Tank 13363 | -5/Archives | Discovered new exit (range 15) 13431 | -5/Archives | Entered Hub_04(d) 13431 | -5/Hub_04(d) | Accompanied by 6 allies 13582 | -5/Hub_04(d) | Discovered new exit (range 10) 13600 | -5/Hub_04(d) | Network Hub disabled 13630 | -5/Hub_04(d) | Spotted Lightning 13630 | -5/Hub_04(d) | Spotted Lightning 13633 | -5/Hub_04(d) | Spotted Lightning 13637 | -5/Hub_04(d) | System corruption reached 10% 13639 | -5/Hub_04(d) | Garrison activated, responded to threat 13655 | -5/Hub_04(d) | Destroyed Lightning 13663 | -5/Hub_04(d) | Destroyed Lightning 13668 | -5/Hub_04(d) | Allies destroyed Lightning 13670 | -5/Hub_04(d) | Spotted Lightning 13674 | -5/Hub_04(d) | Spotted Lightning 13674 | -5/Hub_04(d) | Found Prototype Processor 13677 | -5/Hub_04(d) | Entered Factory 13677 | -4/Factory | Accompanied by 3 allies 13677 | -4/Factory | Evolved 2 slots: Power x1, Utility x1 13677 | -4/Factory | Identified Exp. Targeting Computer 13703 | -4/Factory | Lost 3 allies 13822 | -4/Factory | Lost 3 allies 13968 | -4/Factory | Garrison activated, responded to threat 14032 | -4/Factory | Destroyed 7 combat bots 14176 | -4/Factory | Incoming investigation squad redirected 14182 | -4/Factory | Scrapoid reinforcements arrived 14259 | -4/Factory | Incoming assault squad redirected 14272 | -4/Factory | Lost 3 allies 14291 | -4/Factory | Found Scrap Suit 14294 | -4/Factory | Lost 3 parts (1u2w) 14394 | -4/Factory | Identified exit to Upper Caves 14427 | -4/Factory | First assault squad dispatched 14445 | -4/Factory | Spotted B-86 Titan 14454 | -4/Factory | Incoming assault squad redirected 14459 | -4/Factory | Destroyed B-86 Titan 14571 | -4/Factory | Build established: Scavenger-Scrapper 14701 | -4/Factory | Incoming assault squad redirected 14736 | -4/Factory | Crushed by falling debris 14737 | -4/Factory | System corruption reached 10% 14780 | -4/Factory | Entered Upper Caves 14787 | -4/Upper Caves | Lost 5 parts (5u) 15090 | -4/Upper Caves | Attracted the attention of an 0b10 checkpoint 15288 | -4/Upper Caves | Discovered new exit (range 5) 15314 | -4/Upper Caves | Entered another Upper Caves area 15407 | -4/Upper Caves | Learned Research stockpile data 15558 | -4/Upper Caves | Build established: Scavenger-Tank 15648 | -4/Upper Caves | Discovered new exit (range 15) 15663 | -4/Upper Caves | Destroyed 8 combat bots 15731 | -4/Upper Caves | Entered Warlord 15779 | -4/Warlord | System corruption cleaned by Quarantine Array 15800 | -4/Warlord | System corruption cleaned by Quarantine Array 15922 | -4/Warlord | Received a Watcher feed algorithm from an ecstatic Tinkerer 16036 | -4/Warlord | Warlord's base attacked by MAIN.C 16119 | -4/Warlord | Rebuked by Warlord 16230 | -4/Warlord | Opened Warlord's prototype stash 16234 | -4/Warlord | Found Prototype Reactor 16234 | -4/Warlord | Identified Vortex Chain Reactor 16268 | -4/Warlord | Build established: Scavenger-Scrapper 16386 | -4/Warlord | Warlord forces counterattacked 16390 | -4/Warlord | Lost 5 allies 16403 | -4/Warlord | Found Prototype Energy Gun 16403 | -4/Warlord | Identified Vortex Rail 16488 | -4/Warlord | Opened side exit 16517 | -4/Warlord | Spotted Executioner 16520 | -4/Warlord | Discovered new exit (range 9) 16527 | -4/Warlord | Entered Proximity Caves 16530 | -3/Proximity Caves | Spotter reported a threat 16881 | -3/Proximity Caves | Build established: Scavenger-Tank 16990 | -3/Proximity Caves | Attracted the attention of an 0b10 outpost 17066 | -3/Proximity Caves | Destroyed 10 combat bots 17184 | -3/Proximity Caves | Discovered new exit (range 12) 17230 | -3/Proximity Caves | Entered Research 17230 | -3/Research | Accompanied by 1 ally 17230 | -3/Research | Evolved 2 slots: Utility x1, Weapon x1 17430 | -3/Research | Revision forces began assault on 0b10 17476 | -3/Research | Met up with Revision 17++ 17547 | -3/Research | Discovered new exit (range 14) 17570 | -3/Research | Found Prototype Protection 17575 | -3/Research | Found Prototype Protection 17575 | -3/Research | Identified Centrium Heavy Armor Plating 17579 | -3/Research | Found Centrium Heavy Armor Plating 17582 | -3/Research | Found Centrium Heavy Armor Plating 17671 | -3/Research | Scrapoid reinforcements arrived 17894 | -3/Research | Identified exit to Research 17930 | -3/Research | Research terminal network offline 17957 | -3/Research | Discovered new exit (range 3) 18171 | -3/Research | Spotted Striker 18176 | -3/Research | Allies destroyed Striker 18184 | -3/Research | Found Scrap Suit 18240 | -3/Research | Lost 4 allies 18271 | -3/Research | Entered Quarantine 18271 | -3/Quarantine | Accompanied by 2 allies 18351 | -3/Quarantine | Found Alien Energy Cannon 18908 | -3/Quarantine | Found Alien Artifact 18914 | -3/Quarantine | Found Alien Artifact 18927 | -3/Quarantine | Found Alien Artifact 18929 | -3/Quarantine | Identified Dimensional Node Initializer 18929 | -3/Quarantine | Initialized slip node 18933 | -3/Quarantine | Found Dimensional Node Initializer 19219 | -3/Quarantine | Found Alien Slashing Weapon 19507 | -3/Quarantine | Found Alien Artifact 19586 | -3/Quarantine | Spotted Alpha 7 19632 | -3/Quarantine | Destroyed Alpha 7 19727 | -3/Quarantine | Found Alien Impact Weapon 19840 | -3/Quarantine | Found Fusion Bomb Launcher 19911 | -3/Quarantine | Identified Core Stripper 19913 | -3/Quarantine | Spotted Fortress 19930 | -3/Quarantine | Destroyed Fortress 19946 | -3/Quarantine | Found Vortex Chain Reactor 19949 | -3/Quarantine | Found Centrium Heavy Armor Plating 19954 | -3/Quarantine | Found Prototype Device 19954 | -3/Quarantine | Identified Thermal Barrier 19958 | -3/Quarantine | Found Prototype Device 19958 | -3/Quarantine | Identified Exp. EM Shield 19975 | -3/Quarantine | Found Prototype Device 19975 | -3/Quarantine | Identified Exp. Force Field 20196 | -3/Quarantine | System corruption reached 10% 20206 | -3/Quarantine | Discovered new exit (range 6) 20206 | -3/Quarantine | Discovered new exit (range 5) 20213 | -3/Quarantine | Entered Protoforge 20293 | -3/Protoforge | Spotted Hotshot 20296 | -3/Protoforge | Superfortress began startup sequence 20333 | -3/Protoforge | Destroyed Hotshot 20340 | -3/Protoforge | Spotted Hotshot 20340 | -3/Protoforge | Spotted Hotshot 20353 | -3/Protoforge | Spotted Hotshot 20360 | -3/Protoforge | Destroyed Hotshot 20366 | -3/Protoforge | Destroyed Hotshot 20485 | -3/Protoforge | Discovered exit to Research (range 16) 20523 | -3/Protoforge | Initialized slip node 20610 | -3/Protoforge | Destroyed Hotshot 20738 | -3/Protoforge | Spotted Hotshot 20755 | -3/Protoforge | Spotted Hotshot 20762 | -3/Protoforge | Destroyed Hotshot 20765 | -3/Protoforge | Destroyed Hotshot 20769 | -3/Protoforge | Spotted Hotshot 20781 | -3/Protoforge | Destroyed Hotshot 20815 | -3/Protoforge | Destroyed 7 combat bots 20954 | -3/Protoforge | Destroyed 9 combat bots 20963 | -3/Protoforge | First assault squad dispatched 20987 | -3/Protoforge | Identified Core Cannon 20988 | -3/Protoforge | Additional patrols dispatched to research labs 21026 | -3/Protoforge | Identified Transdimensional Reconstructor 21034 | -3/Protoforge | Found Prototype Device 21056 | -3/Protoforge | Spotted Decapitator 21056 | -3/Protoforge | Spotted Decapitator 21056 | -3/Protoforge | Spotted Decapitator 21056 | -3/Protoforge | Spotted Decapitator 21065 | -3/Protoforge | Destroyed Decapitator 21065 | -3/Protoforge | Destroyed Decapitator 21069 | -3/Protoforge | Destroyed Decapitator 21073 | -3/Protoforge | Destroyed Decapitator 21130 | -3/Protoforge | Spotted V755-w 21138 | -3/Protoforge | Destroyed V755-w 21148 | -3/Protoforge | Found Cep. NT7 Matterbank 21186 | -3/Protoforge | Found Cep. Antigrav Storage Unit 21189 | -3/Protoforge | Found Cep. Chromion Battery 21213 | -3/Protoforge | Found Faulty Cep. Matter Streamer 21241 | -3/Protoforge | Found Faulty Cep. Matter Streamer 21242 | -3/Protoforge | Identified Crosscalibrator 21482 | -3/Protoforge | Spotted Decapitator 21482 | -3/Protoforge | Spotted Decapitator 21482 | -3/Protoforge | Spotted Immortal 21482 | -3/Protoforge | Spotted Immortal 21489 | -3/Protoforge | Destroyed Immortal 21492 | -3/Protoforge | Destroyed Immortal 21497 | -3/Protoforge | Destroyed Decapitator 21507 | -3/Protoforge | Destroyed Decapitator 21522 | -3/Protoforge | Lost 3 parts (2u1w) 21534 | -3/Protoforge | Found Corrupted Exp. Terror Saw 21557 | -3/Protoforge | Found Cep. Zero-point Core 21560 | -3/Protoforge | Found Cep. Zero-point Core 21695 | -3/Protoforge | Incoming investigation squad redirected 21721 | -3/Protoforge | Spotted Decapitator 21722 | -3/Protoforge | Spotted Decapitator 21730 | -3/Protoforge | Destroyed Decapitator 21732 | -3/Protoforge | Destroyed Decapitator 22427 | -3/Protoforge | Forge Plexus network access discovered 22479 | -3/Protoforge | Incoming assault squad redirected 22497 | -3/Protoforge | Spotted Immortal 22502 | -3/Protoforge | Spotted Immortal 22512 | -3/Protoforge | Destroyed Immortal 22514 | -3/Protoforge | Destroyed Immortal 22524 | -3/Protoforge | Found Corrupted Cep. Antimissile System 22576 | -3/Protoforge | Spotted Decapitator 22576 | -3/Protoforge | Spotted Decapitator 22586 | -3/Protoforge | Destroyed Decapitator 22663 | -3/Protoforge | Found Cep. Plasma Driver 22676 | -3/Protoforge | Found Cep. Deflector Sword 22685 | -3/Protoforge | Found Faulty Cep. Plasma Driver 22693 | -3/Protoforge | Found Cep. Lightning Penetrator 22735 | -3/Protoforge | Incoming assault squad redirected 22742 | -3/Protoforge | Scanned by Researcher 22767 | -3/Protoforge | Spotted V337-b 22769 | -3/Protoforge | Destroyed V337-b 22773 | -3/Protoforge | Found Prototype Device 22773 | -3/Protoforge | Identified Adv. Particle Accelerator 22783 | -3/Protoforge | Found Cep. Lightning Penetrator 22788 | -3/Protoforge | Found Cep. XC Strikerail 22793 | -3/Protoforge | Found Faulty Cep. XC Strikerail 22816 | -3/Protoforge | Found Faulty Cep. Plasma Driver 22820 | -3/Protoforge | Found Cep. XC Strikerail 22825 | -3/Protoforge | Found Faulty Cep. XC Strikerail 23017 | -3/Protoforge | Found Cep. Countertargeting System 23055 | -3/Protoforge | System corruption reached 30% 23080 | -3/Protoforge | Spotted AP7-3 23080 | -3/Protoforge | Spotted AP7-3 23089 | -3/Protoforge | Destroyed AP7-3 23093 | -3/Protoforge | Destroyed AP7-3 23158 | -3/Protoforge | Found Prototype Energy Gun 23158 | -3/Protoforge | Identified Enh. Gamma Rifle 23165 | -3/Protoforge | Found Exp. Targeting Computer 23200 | -3/Protoforge | Found Cep. Impact Drone Bay 23208 | -3/Protoforge | Found Faulty Cep. Cloak Mesh 23211 | -3/Protoforge | Found Faulty Cep. Thermoelectric Network 23214 | -3/Protoforge | Found Cep. Cloak Mesh 23217 | -3/Protoforge | Found Cep. Cloak Mesh 23221 | -3/Protoforge | Found Faulty Cep. Thermoelectric Network 23260 | -3/Protoforge | Found Cep. Impact Drone Bay 23613 | -3/Protoforge | Found Cep. Nanofilaments [Conductive] 23613 | -3/Protoforge | Installed Cep. Nanofilaments [Conductive], 2 resistances modified: TH -15%, EM +25% 23634 | -3/Protoforge | Found Transdimensional Reconstructor 23635 | -3/Protoforge | Warped through subspace to slip node 23642 | -3/Protoforge | Spotted Hotshot 23642 | -3/Protoforge | Spotted Hotshot 23642 | -3/Protoforge | Spotted Hotshot 23642 | -3/Protoforge | Spotted Hotshot 23643 | -3/Protoforge | Spotted Hotshot 23646 | -3/Protoforge | Entered Research 23646 | -2/Research | Evolved 2 slots: Propulsion x2 23898 | -2/Research | Spotted B-90 Cyclops 24067 | -2/Research | Spotted B-90 Cyclops 24097 | -2/Research | Destroyed B-90 Cyclops 24146 | -2/Research | First assault squad dispatched 24156 | -2/Research | Destroyed 7 combat bots 24405 | -2/Research | Central database locked down 24484 | -2/Research | Lost 6 parts (1n3u2w) 24566 | -2/Research | Lost 4 parts (1p1n1u1w) 24647 | -2/Research | Incoming investigation squad redirected 24665 | -2/Research | High security lockdown imminent 24745 | -2/Research | High security lockdown engaged 24808 | -2/Research | Lost 4 parts (1p1n2w) 24891 | -2/Research | Found Prototype Ballistic Gun 24893 | -2/Research | Identified Multirail 25274 | -2/Research | Build established: Scavenger-Gunner 25301 | -2/Research | Spotted Striker 25305 | -2/Research | Spotted Striker 25329 | -2/Research | System corruption reached 10% 25367 | -2/Research | Lost 6 parts (5u1w) 25396 | -2/Research | Lost 11 allies 25409 | -2/Research | Destroyed 18 combat bots 25411 | -2/Research | Spotted Striker 25413 | -2/Research | Destroyed Striker 25418 | -2/Research | Warped through subspace 25419 | -2/Research | Core integrity fell below 50% 25429 | -2/Research | Spotted Striker 25429 | -2/Research | Spotted Striker 25494 | -2/Research | Discovered new exit (range 8) 25496 | -2/Research | Core integrity fell below 20% 25512 | -2/Research | Destroyed by Y-72 Warden with Railgun Last Messages --------------- 25503_ Penetrated by Slug. 25504_ Exp. Armored Exoskeleton destroyed. 25506_ Penetrated by Slug. 25506_ Force Field destroyed. 25506_ Slug penetrates Wall. 25506_ Kicked Y-72 Warden. 25506_ Slug penetrates Striker. 25506_ Slug penetrates Wall. 25506_ Critical hit (Impale). 25506_ Biometal Leg destroyed. 25508_ Kicked Y-72 Warden out of the way. 25508_ Penetrated by Slug. 25508_ Slug penetrates Y-72 Warden. 25509_ Slug penetrates G-73 Enforcer. 25509_ Penetrated by Slug. 25510_ Kicked Y-72 Warden. 25511_ P-80 Master resets Y-72 Warden, system corruption cleaned. 25511_ Kicked Y-72 Warden. 25512_ Hyb. Graviton Reactor destroyed. 25512_ Penetrated by Slug. Map ----- +----------------------------------------------------+ | ??? ???# ????????????????????????????????????? | | ??? ???? ????????????????????????????????????? | | ####/######+########?????????????????????????????? | | #?????????????????????????????? | | #?????????????????????????????? | | #?????????????????????????????? | | +?????????????????????????????? | | ############### #?????????????????????????????? | | #????? ?# #?????????????????????????????? | | #??????? # #?????????????????????????????? | | #?????????" # #?????????????????????????????? | | #??????????? + #?????????????????????????????? | | #????????????# #?????????????????????????????? | | #????????????# +?????????????????????????????? | | #????????????# #?????????????????????????????? | | #????????????# #?????????????????????????????? | | ##????????????# #?????????????????????????????? | | ??????????????# " #?????????????????????????????? | | ??????????????# "%"#?????????????????????????????? | | ??????????????# " #?????????????????????????????? | | ??????????????# #?????????????????????????????? | | ??????????????# #?????????????????????????????? | | ??????????????# #????####?????????????????????? | | ??????????????# b######T ###???????????????????? | | ??????????????# g g ggY #???????????????????? | | ??????????????# bp K@Y #???????????????????? | | ??????????????# i KYY #???????????????????? | | ??????????????# #???????????????????? | | ??????????????################???????????????????? | | ?????????????????????????????????????????????????? | | ?????????????????????????????????????????????????? | | ?????????????????????????????????????????????????? | | ?????????????????????????????????????????????????? | | ?????????????????????????????????????????????????? | | ?????????????????????????????????????????????????? | | ?????????????????????????????????????????????????? | | ?????????????????????????????????????????????????? | | ?????????????????????????????????????????????????? | | ?????????????????????????????????????????????????? | | ?????????????????????????????????????????????????? | | ?????????????????????????????????????????????????? | | ?????????????????????????????????????????????????? | | ?????????????????????????????????????????????????? | | | | | | | | | | | | | | | +----------------------------------------------------+ Best States ------------- Heat Dissipation 154 Coolant Potential 120 Energy Generation 61 Energy Capacity 2320 Matter Stores 300 Matter Capacity 300 Sight Range 23 Robot Scan Range 19 Terrain Scan Density 10 Jamming Range 12 Cloak Strength 9 EM Shielding 4 Corruption Containment 12 Armor Coverage 2850 Resistance: TH 50 Resistance: EX 50 Resistance: EM 100 Point Defense Rating 480 Projectile Deflection 15 Weapon Cycling 25 Evasion (%) 55 Targeting Accuracy 12 Recoil Reduction 5 Particle Charging 50 Offensive Hacking 24 Defensive Hacking 10 Item Schematics ----------------- Huge Storage Unit | -10/Materials | Hacked Hcp. Storage Unit | -10/Materials | Hacked Combat Drone Bay | -6/Data Miner | Free Lgt. Regenerative Plating | -6/Data Miner | Free Cld. Nuclear Pulse Thruster | -6/Data Miner | Free Prc. Matter Filter | -6/Data Miner | Free Neutron Cannon | -6/Data Miner | Free Centrium Wheel | -6/Data Miner | Free Adv. Target Analyzer | -6/Data Miner | Free HERF Cannon | -6/Data Miner | Free Imp. Force Field | -6/Data Miner | Free Imp. Thunder Leg | -6/Data Miner | Free Impulse Thruster | -6/Data Miner | Free Gamma Bomb Array | -6/Data Miner | Free Hvy. Wave Gun | -3/Protoforge | Archive Exp. Signal Interpreter | -3/Protoforge | Archive Lrn. Phase Cannon | -3/Protoforge | Archive Kinetic Spear | -3/Protoforge | Archive Hvy. Gatling Laser | -3/Protoforge | Archive Exp. Field Recycling Unit | -3/Protoforge | Archive Adv. EM Disruption Field | -3/Protoforge | Archive Cld. Phase Cannon | -3/Protoforge | Archive Imp. Matter Compressor | -3/Protoforge | Archive Robot Schematics ------------------ L-41 Fighter | -6/Data Miner | Free Y-54 Guardian | -6/Data Miner | Free H-77 Assassin | -6/Data Miner | Free M-36 Artificer | -6/Data Miner | Free G-67 Veteran | -3/Protoforge | Archive Fabricated ------------ Nothing Repaired ---------- Imp. Assault Rifle | 27% | -9/Storage Studied --------- Lgt. Treads | -9/Materials | Hacked Arm. Wheel | -9/Materials | Hacked Mni. Grenade Launcher | -9/Materials | Hacked Railgun | -3/Research | Hacked Nova Cannon | -3/Quarantine | Hacked Centrium Leg | -2/Research | Hacked Alien Tech Used ----------------- Dimensional Node Initializer Core Stripper Core Cannon Concept Nanofilaments [Conductive] Transdimensional Reconstructor Achievements -------------- Anti-science Crusade Better Safe Than Exploded Deadly Precision Inventory(Loot) Overclocked Super-what Now? Tank Life Worth The Wait Challenges ------------ None Game ------ Seed AnalysisRagnarokExtractor Manual? 0 Play Time 06:20:19 Cumulative 267.0 hours Start 2025.12.31 @ 13:55:45 End 2026.01.04 @ 23:07:19 Sessions 15 Manual Loads 0 Difficulty Rogue Special Mode None Game No. 111 Rogue 111 Adventurer 0 Explorer 0 Win Type - Total 26 Types 10/3/6/2/1/0/0/1/1/2 Lore% 80 Gallery% 77 Achievement% 63 Wizard Run 0 Options --------- Layout 0 ASCII 0 Keyboard 1 Movement Vi Keybinds 0 Fullscreen 2 Font 18/SmallcapsGlow Map View 76x50 Zoom Use 1% Tactical HUD 1 Map Filters NONE Filters NONE Steam 1 RUN: 02dc0ac1-69cd-4084-91f1-2917f029d36b